 Dungeon Crawl Stone Soup version 0.27-a0-334-g52645efa06 (webtiles) character file.

Game seed: 8152554157074278667

21 Lanoc the Slasher (level 2, -1/25 HPs)
             Began as a Barachi Monk on Feb 13, 2021.
             Slain by a goblin (2 damage)
             ... on level 2 of the Dungeon.
             The game lasted 00:00:30 (548 turns).

Lanoc the Slasher (Barachi Monk)                     Turns: 548, Time: 00:00:31

Health: -1/25      AC:  2    Str: 12    XL:     2   Next: 83%
Magic:  2/2        EV: 13    Int: 10    God:
Gold:   0          SH:  0    Dex: 14    Spells: 1/1 levels left

rFire    . . .     SeeInvis .   a - +0 falchion
rCold    . . .     Faith    .   (no shield)
rNeg     . . .     Spirit   .   b - +0 robe
rPois    .         Reflect  .   (no helmet)
rElec    .         Harm     .   (no cloak)
rCorr    .         Rampage  .   (no gloves)
Will     .....                  (no boots)
Stlth    ++........             (no amulet)
HPRegen  0.08/turn              (no ring)
MPRegen  0.08/turn              (no ring)

@: lethally poisoned (-1 -> -11), flying, slow
A: +LOS, swims, slowness 1, strong legs 1
a: Hop


You were on level 2 of the Dungeon.
You visited 1 branch of the dungeon, and saw 2 of its levels.

Inventory:

Hand Weapons
 a - a +0 falchion (weapon)
Armour
 b - a +0 robe (worn)
Scrolls
 c - a scroll of teleportation {unknown}
 d - a scroll of amnesia {unknown}


   Skills:
 + Level 4.0 Fighting
 * Level 4.3 Long Blades
 + Level 3.5 Dodging
 - Level 1.7 Stealth


You had one spell level left.
You didn't know any spells.
Your spell library was empty.

Dungeon Overview and Level Annotations

Branches:
Dungeon (2/15)

Altars:

Annotations:
D:2 Terence


Innate Abilities, Weirdness & Mutations

You can be seen from farther away. (+LOS)
You can swim through water.
You cover ground slowly.
You can hop short distances.


Message History

Terence is heavily wounded.
Terence barely misses you. The goblin barely misses you. The adder bites you.
You hit Terence but do no damage.
Terence is heavily wounded.
The goblin hits you but does no damage. Terence hits you with a +0 short sword.
The adder barely misses you. The goblin hits you.
Terence hits you but does no damage. The adder bites you.
You are poisoned.
The adder poisons you!
You hit Terence.
Terence is heavily wounded.
You feel sick. The adder bites you but does no damage.
The goblin closely misses you.
You riposte.
You barely miss the goblin. Terence hits you but does no damage.
You are too injured to fight recklessly!
You are too injured to fight recklessly!
You hit Terence but do no damage.
Terence is heavily wounded.
The adder bites you. The goblin barely misses you.
Terence hits you with a +0 short sword.
* * * LOW HITPOINT WARNING * * *
It was a potion of flight.
You feel very buoyant.
You fly up into the air.
* * * LOW HITPOINT WARNING * * *
You feel sick. The adder closely misses you.
You riposte.
You hit the adder but do no damage. The goblin misses you.
Terence barely misses you. The adder misses you.
You hit Terence but do no damage.
Terence is heavily wounded.
The adder closely misses you. The goblin completely misses you.
Terence barely misses you.
You riposte.
You barely miss Terence.
Terence is heavily wounded.
You barely miss Terence.
Terence is heavily wounded.
The adder bites you.
* * * LOW HITPOINT WARNING * * *
You are more poisoned.
The adder poisons you! The goblin hits you.
You die...

# .# .# ..# ..#
...#
..#########...#
.........S....#
.......@@g.#
.#########(# .#
##


You could see Terence, an adder and a goblin.

Vanquished Creatures
  A dart slug (D:1)
  3 leopard geckos (D:1)
  A goblin (D:1)
  A hobgoblin (D:1)
  3 jackals (D:1)
  2 frilled lizards (D:1)
  2 kobolds (D:1)
  2 rats (D:1)
15 creatures vanquished.

Vanquished Creatures (others)
  4 toadstools (D:1)
4 creatures vanquished.

Grand Total: 19 creatures vanquished

Notes
Turn   | Place    | Note
-------+----------+-------------------------------------------
     0 | D:1      | Lanoc the Barachi Monk began the quest for the Orb.
     0 | D:1      | Reached XP level 1. HP: 18/18 MP: 1/1
   161 | D:1      | Reached XP level 2. HP: 25/25 MP: 2/2
   534 | D:2      | Noticed Terence
   548 | D:2      | HP: 1/25 [adder (4)]
   548 | D:2      | Slain by a goblin

Illustrated notes

Levels and vault maps discovered:
D:1:      sevenhm_arrival_forest_fort_small_4, layout_loops_corners,
          amethyst_killhole, minmay_gold_behind_fungi,
          chequers_decorated_corner, st_stairs_4
D:2:      layout_basic, grunt_temple_overflow_order_and_chaos_1,
          nemelex_xobeh_ov_fountains_minmay, moated_statue, uniq_jessica,
          uniq_sigmund, uniq_terence

Skill      XL: |  1  2 |
---------------+-------+-----
Long Blades    | 4 |  4.3
Fighting       | 4 |  4.0
Dodging        | |  3.5
Stealth        | |  1.7

Action                   || total
-------------------------++-------
Melee: Falchion          ||    49
  Use: Potion            ||     1
 Stab: Sleeping          ||     1
Armor: Robe              ||     9
Dodge: Dodged            ||    54
       Rpst.: Falchion   ||    15

Table legend: (Time is in decaauts)
 A = Elapsed time spent in this place.
 B = Non-inter-level travel time spent in this place.
 C = Inter-level travel time spent in this place.
 D = Time resting spent in this place.
 E = Time spent auto-exploring this place.
 F = Levels seen in this place.
 G = Mean time per level.
                   A        B        C        D        E       F      G
               +--------+--------+--------+--------+--------+-----+--------+
         Total |    588 |    588 |      0 |    209 |    282 |   2 |  294.0 |
       Dungeon |    588 |    588 |      0 |    209 |    282 |   2 |  294.0 |
               +--------+--------+--------+--------+--------+-----+--------+

Top non-repeatable levels by time:
     D:1: 573 daAuts
     D:2: 15 daAuts
